 Dungeon Crawl Stone Soup version 0.30.0-5-g1a98f26d00 (webtiles) character file.

Game seed: 929486582269581790

153 monsoonserge the Covered (level 5, -9/47 HPs)
             Began as a Minotaur Fighter on May 9, 2023.
             Engulfed by a cloud of flame (24 damage)
             ... on level 3 of the Dungeon.
             The game lasted 00:07:33 (2280 turns).

monsoonserge the Covered (Minotaur Fighter)         Turns: 2280, Time: 00:07:34

Health: -9/47      AC: 11    Str: 22    XL:     5   Next: 12%
Magic:  4/4        EV: 10    Int:  9    God:
Gold:   104        SH:  9    Dex: 10    Spells: 4/4 levels left

rFire   . . .        k - +2 rapier (venom)
rCold   . . .        c - +0 buckler
rNeg    . . .        f - +3 ring mail
rPois   +            (helmet restricted)
rElec   .            (no cloak)
rCorr   +            (no gloves)
SInv    .            o - +1 pair of boots of the Forest {rCorr}
Will    .....        p - amulet of Monotheism {Reflect Int+4 Slay+2 SH+5} Stlth
                     m - ring of flight
HPRegen 0.27/turn    n - ring of poison resistance
MPRegen 0.09/turn

%: reflection
@: flying
A: horns 2, retaliatory headbutt
a: no special abilities


You were on level 3 of the Dungeon.
You visited 1 branch of the dungeon, and saw 3 of its levels.

You collected 104 gold pieces.

Inventory:

Hand Weapons
 a - a +0 war axe
 g - a +2 short sword of electrocution
 k - a +2 rapier of venom (weapon)
Missiles
 e - 50 stones
 s - 5 poisoned darts
 t - 2 boomerangs (quivered)
Armour
 c - a +0 buckler (worn)
 f - a +3 ring mail (worn)
 o - the +1 pair of boots of the Forest (worn) {rCorr}
   (You found it on level 2 of the Dungeon)

   rCorr:     It protects you from acid and corrosion.
 r - a +0 plate armour
Jewellery
 m - a ring of flight (left hand)
 n - a ring of poison resistance (right hand)
 p - the amulet of Monotheism (around neck) {Reflect Int+4 Slay+2 SH+5}
   (You found it on level 2 of the Dungeon)

   [amulet of reflection]

   It reflects blocked missile attacks.
   Int:       It affects your intelligence (+4).
   Slay:      It affects your accuracy & damage with ranged weapons and melee
   (+2).
   SH:        It affects your SH (+5).
Scrolls
 i - a scroll of fog {unknown}
 j - 2 scrolls of immolation {unknown}
 l - a scroll of identify {unknown}
 v - a scroll of magic mapping {unknown}
Potions
 b - 2 potions of brilliance {unknown}
 d - a potion of might
 h - a potion of haste {unknown}
 q - a potion of lignification {unknown}
 u - a potion of attraction {unknown}
 w - a potion of flight {unknown}
 x - a potion of heal wounds {unknown}


   Skills:
 + Level 4.6 Fighting
 - Level 1.0 Short Blades
 + Level 4.0 Axes
 + Level 4.7 Armour
 + Level 1.2 Dodging
 - Level 4.0 Shields


You had 4 spell levels left.
You didn't know any spells.
Your spell library contained the following spells:

 Spells                   Type           Power      Damage    Failure   Level
 Blink                    Tloc           0%         N/A       75%         2
 Lesser Beckoning         Tloc           0%         N/A       75%         2
 Momentum Strike          Conj/Tloc      0%         3d8       75%         2
 Leda's Liquefaction      Hex/Erth       0%         N/A       100%        4
 Petrify                  Tmut/Erth      0%         N/A       100%        4
 Lee's Rapid Deconstruct  Erth           0%         3d4*      100%        5
 Metabolic Englaciation   Hex/Ice        0%         N/A       100%        5
 Statue Form              Tmut/Erth      0%         N/A       100%        6


Dungeon Overview and Level Annotations

Branches:
Dungeon (3/15)

Altars:


Innate Abilities, Weirdness & Mutations

You have a pair of horns on your head.
You reflexively headbutt those who attack you in melee.


Message History

You hit the rat but do no damage.
The rat is poisoned.
The rat closely misses you.
You hit the rat.
You kill the rat!
Press: ? - help, v - describe, . - travel, g - get item Item here: 7 stones.
The floor.
Found a rapier.
You see here a +0 rapier.
You see here a +0 rapier.
Really fly into a travel-excluded area?
Really fly into a travel-excluded area?
Uppercase [Y]es or [N]o only, please.
Really fly into a travel-excluded area?
Really fly into that cloud of flame?
You are engulfed in blazing flames.
You are engulfed in blazing flames.
e - 50 stones (gained 7)
You see here a +0 ring mail.
You pick up a book of the Earth and begin reading...
You add the spells Leda's Liquefaction and Lee's Rapid Deconstruction to your library.
You now have 104 gold pieces (gained 17).
You see here a +0 ring mail.
You start resting.
HP restored.
Really fly into a travel-excluded area?
Really fly into a travel-excluded area?
Okay, then.
You see here a +0 ring mail.
Really fly into a travel-excluded area?
Uppercase [Y]es or [N]o only, please.
Really fly into a travel-excluded area?
Okay, then.
Really fly into a travel-excluded area?
Really fly into a travel-excluded area?
You are engulfed in blazing flames.
You are engulfed in blazing flames.
You are engulfed in blazing flames.
Ouch! That really hurt!
You die...

#§§☼# #.#
######...#####.#
###.§.○.....☼○○..#
#...☼°☼..[..○.°..#
#.#.○§§.....§☼°..#
#.######...#####.#
#.# #§§§# #.# #†#
#☼§○# #.#
########.## #☼@○#
#.# ..........#
#...#####.#
....#######
##........# ....#
####.......# ....#
#......##.## ....#
#...#....##.#
....# #..#
#.#####.#
##########.. #.
#.# .........# #.
##.#


There were no monsters in sight!

Vanquished Creatures
  An iguana (D:3)
  6 adders
  An ufetubus (D:2)
  2 dart slugs (D:3)
  2 orcs (D:3)
  4 ball pythons
  7 bats
  6 endoplasms
  A giant cockroach (D:3)
  2 goblins
  5 hobgoblins
  2 jackals (D:3)
  4 quokkas
  2 frilled lizards
  9 kobolds
  5 rats
59 creatures vanquished.

Vanquished Creatures (others)
  A giant cockroach (D:3)
1 creature vanquished.

Grand Total: 60 creatures vanquished

Notes
Turn   | Place    | Note
-------+----------+-------------------------------------------
     0 | D:1      | monsoonserge the Minotaur Fighter began the quest for the
                  | Orb.
     0 | D:1      | Reached XP level 1. HP: 19/19 MP: 0/0
     3 | D:1      | Noticed an electric eel
     9 | D:1      | Noticed an electric eel
   248 | D:1      | Reached XP level 2. HP: 27/27 MP: 1/1
   822 | D:2      | Reached XP level 3. HP: 32/33 MP: 2/2
   951 | D:2      | Identified the +1 pair of boots of the Forest {rCorr}
  1007 | D:2      | Identified the amulet of Monotheism {Reflect Int+4 Slay+2
                  | SH+5}
  1530 | D:3      | Reached XP level 4. HP: 40/40 MP: 3/3
  1685 | D:3      | Reached skill level 1 in Short Blades
  1711 | D:3      | Reached skill level 1 in Dodging
  1717 | D:3      | Reached XP level 5. HP: 47/47 MP: 4/4
  1922 | D:3      | Found a faded altar of an unknown god.
  2280 | D:3      | Engulfed by a cloud of flame

Illustrated notes

Levels and vault maps discovered:
D:1:      arrival_aquarium_b, layout_loops_ring
D:2:      layout_basic
D:3:      minmay_recursive_quarters, layout_rooms,
          shapermc_ecumenical_altar_totnotflames, lemuel_flame_loot_1

Skill      XL: |  1  2  3  4  5 |
---------------+----------------+-----
Shields        | 4 |  4.0
Fighting       | 4 |  4.6
Armour         | 4 |  4.7
Axes           | 3 4 |  4.0
Short Blades   | 1 |  1.0
Dodging        | 1 |  1.2

Action                     |  1- 3 |  4- 6 || total
---------------------------+-------+-------++-------
  Melee: War axe           |    31 |       ||    31
         Headbutt          |    10 |     6 ||    16
         Rapier            |    29 |    54 ||    83
 Armour: Ring mail         |    23 |    19 ||    42
  Dodge: Dodged            |    32 |    20 ||    52
  Block: Buckler           |    18 |    27 ||    45
